Map: Ruins of Seras

Players

IIIIIIIIIIII - Winner!

  • Race: Protoss Protoss
  • League: Master

State

  • Race: Protoss Protoss
  • League: Grandmaster

VOD

Have the link to the VOD?

Description

Time

  • Played on: Dec. 27, 2015, 10 p.m.
  • Length: 13:56
Show
View Real Time Build Order
Export as new Build Order

IIIIIIIIIIII Protoss - Winner!

Build Orders: Phoenix Opening 

Get SALT Encoding   

  12  0:01  Probe (Chrono Boost)  
  13  0:11  Probe (Chrono Boost)  
  14  0:19  Pylon  
  14  0:23  Probe (Chrono Boost)  
  15  0:37  Probe (Chrono Boost)  
  15  0:39  Gateway  
  16  0:44  Assimilator  
  16  0:48  Probe (Chrono Boost)  
  17  0:58  Probe (Chrono Boost)  
  18  1:08  Assimilator  
  18  1:09  Probe (Chrono Boost)  
  19  1:19  Probe (Chrono Boost)  
  20  1:27  Gateway  
  20  1:30  Cybernetics Core  
  20  1:33  Probe (Chrono Boost)  
  21  1:40  Pylon  
  21  1:44  Probe (Chrono Boost)  
  22  1:54  Probe (Chrono Boost), Pylon  
  23  2:08  Warp Gate (Chrono Boost)  
  23  2:14  Stalker  
  23  2:15  Stalker  
  27  2:32  Stargate  
  29  2:37  Mothership Core  
  28  2:44  Pylon  
  28  2:58  Probe  
  29  3:11  Nexus  
  29  3:14  Probe  
  29  3:34  Phoenix (Chrono Boost)  
  31  3:36  Probe  
  32  3:46  Stargate  
  32  3:48  Probe  
  33  3:56  Phoenix (Chrono Boost)  
  33  4:00  Probe  
  36  4:12  Probe (Chrono Boost)  
  37  4:18  Phoenix  
  37  4:23  Probe (Chrono Boost)  
  37  4:24  Probe (Chrono Boost)  
  41  4:29  Phoenix  
  43  4:33  Probe (Chrono Boost)  
  43  4:34  Probe (Chrono Boost)  
  45  4:44  Probe (Chrono Boost)  
  45  4:45  Probe (Chrono Boost)  
  46  4:55  Probe (Chrono Boost)  
  48  5:00  Probe (Chrono Boost)  
  48  5:01  Phoenix, Assimilator  
  48  5:02  Assimilator  
  48  5:03  Phoenix  
  48  5:05  Probe (Chrono Boost)  
  53  5:10  Probe (Chrono Boost)  
  54  5:17  Probe (Chrono Boost)  
  54  5:21  Pylon  
  55  5:22  Probe (Chrono Boost), Pylon  
  56  5:28  Phoenix (Chrono Boost)  
  56  5:30  Probe (Chrono Boost)  
  56  5:33  Probe (Chrono Boost)  
  56  5:34  Phoenix (Chrono Boost)  
  62  5:42  Probe (Chrono Boost)  
  63  5:46  Probe (Chrono Boost)  
  64  5:53  Probe  
  65  5:59  Nexus  
  64  6:05  Probe  
  64  6:06  Phoenix (Chrono Boost)  
  63  6:26  Probe x2  
  65  6:38  Probe  
  65  6:39  Probe  
  67  6:50  Probe, Robotics Facility  
  67  6:51  Probe  
  67  6:52  Twilight Council  
  69  6:54  Gateway x3  
  69  6:55  Gateway  
  68  7:02  Probe (Chrono Boost)  
  68  7:05  Probe (Chrono Boost)  
  69  7:10  Void Ray  
  69  7:13  Probe (Chrono Boost), Void Ray  
  78  7:17  Probe (Chrono Boost)  
  78  7:20  Probe (Chrono Boost)  
  79  7:24  Probe (Chrono Boost)  
  80  7:31  Probe (Chrono Boost), Pylon  
  80  7:34  Charge (Chrono Boost)  
  81  7:37  Probe  
  81  7:38  Observer  
  81  7:42  Probe  
  83  7:46  Probe  
  83  7:47  Templar Archives  
  83  7:50  Zealot x3  
  91  7:55  Zealot  
  91  7:56  Pylon  
  93  8:01  Zealot x2  
  93  8:03  Probe  
  98  8:14  Void Ray  
  98  8:16  Pylon  
  98  8:17  Pylon  
  98  8:19  Pylon  
  102  8:21  Probe  
  102  8:22  Probe x2, Assimilator  
  102  8:23  Assimilator  
  105  8:34  Probe  
  106  8:36  High Templar x2  
  106  8:37  Zealot, High Templar x2  
  106  8:38  Zealot  
  118  8:42  Probe x2  
  118  8:43  Archon x2  
  120  8:49  Pylon  
  120  8:52  Pylon  
  120  8:54  Immortal (Chrono Boost)  
  124  9:01  Zealot x2  
  128  9:10  High Templar x2  
  128  9:12  High Templar x2  
  136  9:17  Gateway x2  
  136  9:22  Pylon  
  136  9:23  Pylon  
  136  9:28  Warp Prism (Chrono Boost)  
  138  9:35  High Templar x2  
  142  9:41  Pylon  
  142  9:42  Pylon x3  
  142  9:43  Zealot x2  
  142  9:44  Pylon x2, Archon x2  
  142  9:45  Archon  
  146  9:51  High Templar x2  
  150  9:55  Archon  
  150  10:04  Zealot x2  
  154  10:10  Zealot x2  
  158  10:27  Zealot x6  
  162  10:48  Zealot x2  
  162  10:49  Zealot x6  
  152  11:09  High Templar x8  
  164  11:14  Archon x3  
  164  11:15  Archon  
  148  11:29  Nexus  
  134  11:41  Zealot x6  
  134  11:42  Zealot x2  
  134  11:43  Void Ray  
  146  11:49  Immortal (Chrono Boost), Void Ray  
  156  12:05  Zealot, High Templar x2  
  156  12:06  Zealot x5  
  168  12:16  Archon  
  164  12:22  Pylon  
  164  12:23  Gateway  
  164  12:24  Pylon  
  164  12:25  Gateway  
  164  12:26  Pylon  
  164  12:27  Gateway  
  164  12:29  Gateway  
  162  12:30  Void Ray, High Templar x2  
  162  12:31  Zealot x4  
  162  12:36  Void Ray  
  180  12:43  Zealot x2, Archon  
  184  12:45  Mothership Core  
  186  12:52  Forge  
  186  12:56  Forge  
  185  13:13  Zealot x5  
  185  13:14  Zealot x2  
  200  13:20  Observer (Chrono Boost)  
  200  13:32  Assimilator x2  
  198  13:50  Zealot x5  
  198  13:51  Zealot x2  
  198  13:54  Zealot x5  
Show
View Real Time Build Order
Export as new Build Order

State Protoss 

Build Orders: Phoenix Opening 

Get SALT Encoding   

  12  0:01  Probe (Chrono Boost)  
  13  0:12  Probe (Chrono Boost)  
  14  0:19  Pylon  
  14  0:23  Probe (Chrono Boost)  
  15  0:37  Probe (Chrono Boost)  
  15  0:39  Gateway  
  16  0:43  Assimilator  
  16  0:47  Probe (Chrono Boost)  
  17  0:52  Assimilator  
  17  0:58  Probe (Chrono Boost)  
  18  1:08  Gateway  
  18  1:11  Probe (Chrono Boost)  
  19  1:22  Probe (Chrono Boost)  
  20  1:27  Cybernetics Core  
  20  1:32  Probe (Chrono Boost)  
  21  1:39  Pylon  
  21  1:43  Probe (Chrono Boost)  
  22  1:53  Probe (Chrono Boost)  
  23  2:04  Adept x2  
  23  2:05  Warp Gate (Chrono Boost)  
  27  2:16  Stargate  
  27  2:23  Mothership Core (Chrono Boost)  
  29  2:42  Probe (Chrono Boost)  
  30  2:52  Probe (Chrono Boost)  
  30  2:56  Nexus  
  31  3:06  Pylon  
  31  3:24  Phoenix (Chrono Boost)  
  31  3:25  Probe (Chrono Boost)  
  30  3:35  Probe (Chrono Boost)  
  31  3:46  Probe  
  32  3:49  Phoenix (Chrono Boost)  
  32  3:50  Twilight Council  
  34  3:58  Robotics Facility  
  34  4:03  Pylon  
  34  4:05  Probe  
  34  4:08  Probe  
  36  4:15  Phoenix (Chrono Boost)  
  38  4:18  Probe  
  38  4:20  Probe  
  40  4:30  Probe  
  40  4:31  Probe  
  41  4:36  Phoenix (Chrono Boost)  
  44  4:41  Probe  
  44  4:42  Probe  
  46  4:49  Blink (Chrono Boost)  
  44  4:54  Probe  
  44  4:57  Probe  
  44  5:04  Observer  
  44  5:06  Probe  
  46  5:09  Probe, Gateway  
  46  5:10  Gateway  
  47  5:21  Nexus  
  47  5:23  Probe  
  47  5:25  Probe  
  47  5:27  Observer (Chrono Boost)  
  50  5:34  Stalker x2  
  54  5:36  Probe  
  54  5:39  Probe  
  56  5:46  Pylon  
  56  5:48  Pylon  
  56  5:49  Probe  
  57  5:51  Probe, Observer (Chrono Boost)  
  57  5:52  Assimilator  
  57  5:55  Assimilator  
  59  6:01  Probe  
  59  6:03  Probe  
  61  6:09  Stalker  
  61  6:10  Stalker  
  65  6:14  Probe  
  65  6:15  Stalker, Probe  
  67  6:19  Stalker  
  67  6:28  Probe x2  
  67  6:31  Probe  
  65  6:37  Stalker x2  
  69  6:40  Probe x2  
  69  6:42  Probe  
  69  6:44  Observer (Chrono Boost)  
  68  6:52  Probe x3  
  71  7:02  Charge  
  71  7:03  Probe  
  71  7:04  Probe x2  
  74  7:11  Gateway  
  74  7:12  Gateway  
  74  7:14  Probe, Forge  
  75  7:16  Probe x2  
  75  7:26  Probe  
  75  7:28  Probe (Chrono Boost)  
  77  7:32  Probe (Chrono Boost)  
  77  7:35  Gateway x2  
  80  7:37  Probe (Chrono Boost)  
  80  7:40  Probe (Chrono Boost)  
  80  7:42  Warp Prism  
  82  7:47  Stalker x3  
  88  7:52  Stalker  
  88  7:53  Probe x3 (Chrono Boost)  
  93  8:05  Probe x2 (Chrono Boost)  
  93  8:08  Pylon  
  93  8:10  Pylon  
  93  8:11  Pylon  
  93  8:13  Forge, Assimilator  
  93  8:16  Protoss Ground Weapons Level 1 (Chrono Boost), Assimilator  
  93  8:21  Probe  
  93  8:23  Gateway  
  93  8:24  Gateway  
  93  8:25  Probe  
  94  8:33  Probe x2  
  86  8:35  Probe  
  86  8:40  Templar Archives  
  87  8:45  Probe  
  88  8:49  Zealot x7  
  102  9:00  Probe x2  
  103  9:15  Templar Archives  
  103  9:18  Gateway  
  103  9:20  Psionic Storm  
  103  9:22  Gateway  
  103  9:24  High Templar x5  
  103  9:25  High Templar  
  115  9:32  Warp Prism (Chrono Boost)  
  115  9:35  Gateway  
  115  9:39  Photon Cannon  
  115  9:49  Nexus, Protoss Ground Weapons Level 2 (Chrono Boost)  
  115  9:50  Sentry  
  115  10:08  Pylon x2  
  115  10:10  Pylon  
  115  10:15  Mothership Core  
  115  10:27  High Templar x4  
  115  10:28  Zealot x6  
  125  10:31  Archon  
  125  10:32  Archon  
  125  10:35  Zealot x3  
  133  10:47  Archon  
  133  10:48  Archon  
  108  10:53  Zealot x6  
  96  10:57  Zealot  
  96  10:58  Zealot x2  
  96  11:01  High Templar x4  
  86  11:06  Archon x2  
  86  11:15  Stalker x5  
  86  11:25  Zealot  
  86  11:26  Zealot x2  
  74  11:36  Zealot x3  
  78  11:42  Zealot  
  78  11:46  High Templar x2  
  82  12:19  High Templar x2  
  86  12:31  Nexus  
  86  12:47  Dark Shrine  
  86  12:50  Nexus  
  86  12:53  Probe  
  86  12:54  Probe  
  86  12:58  Pylon  
  88  13:03  Sentry, Zealot x2  
  94  13:22  Pylon  
  94  13:28  High Templar x4  
  94  13:29  Zealot x4  
  110  13:34  Pylon  
  110  13:35  Archon  
  110  13:36  Pylon  
  110  13:37  Archon  
  110  13:41  Zealot x2  
  114  13:43  Zealot x2  
Tags
 
Add a new tag
Caveats
  • Supply blocks, unpowered buildings, or Contaminate may cause inaccurate times.
  • Supply counts are checked every 10 seconds.